 Dungeon Crawl Stone Soup version 0.30.1 (webtiles) character file.

Game seed: 16860566755926177078

457 Graphine the Ducker (level 7, -21/54 HPs)
             Began as a Merfolk Gladiator on July 9, 2023.
             Was an Initiate of Ashenzari.
             Demolished by an ogre
             ... wielding a +0 giant spiked club
              (37 damage)
             ... on level 5 of the Dungeon.
             The game lasted 00:10:46 (3372 turns).

Graphine the Ducker (Merfolk Gladiator)             Turns: 3372, Time: 00:10:47

Health: -21/54     AC:  5    Str: 15    XL:     7   Next: 6%
Magic:  4/9        EV: 14    Int: 13    God:    Ashenzari [......]
Gold:   322        SH:  0    Dex: 15    Spells: 4/9 levels left

rFire   . . .        a - +0 long sword
rCold   x . .        (no shield)
rNeg    + . .        t - +0 leather armour of Lugonu's Inspiration {rC- rN+ Int+4 Stlth+}
rPois   +            c - +0 helmet
rElec   .            k - +0 cloak
rCorr   .            (no gloves)
SInv    .            (no boots)
Will    .....        i - amulet of regeneration
Stlth   ++           u - ring of wizardry
HPRegen 1.09/turn    r - ring of poison resistance
MPRegen 0.11/turn

%: wizardry (x1)
@: confusing by touch
A: (nimble swimmer 2), mertail
a: Renounce Religion


You were on level 5 of the Dungeon.
You worshipped Ashenzari.
Ashenzari was noncommittal.
You visited 2 branches of the dungeon, and saw 6 of its levels.

You collected 322 gold pieces.

Inventory:

Hand Weapons
 a - a +0 long sword (weapon)
Missiles
 d - 2 throwing nets
 e - a javelin
 x - 3 boomerangs (quivered)
Armour
 b - a +0 leather armour
 c - a +0 helmet (worn)
 k - a +0 cloak (worn)
 t - the +0 leather armour of Lugonu's Inspiration (worn) {rC- rN+ Int+4 Stlth+}
   (You found it on level 3 of the Dungeon)

   Int:       It affects your intelligence (+4).
   rC:        It makes you vulnerable to cold.
   rN:        It protects you from negative energy.
   Stlth:     It makes you more stealthy.
Jewellery
 i - an amulet of regeneration (around neck)
 n - a ring of flight
 r - a ring of poison resistance (right hand)
 u - a ring of wizardry (left hand)
 y - a ring of resist corrosion
Wands
 A - a wand of polymorph (12)
Scrolls
 g - a scroll of identify
 h - 4 scrolls of fog
 j - a scroll of vulnerability
 l - 3 scrolls of teleportation
 m - a scroll of immolation
 w - a scroll of torment
 B - a scroll of noise
Potions
 f - a potion of haste
 o - 3 potions of heal wounds
 p - 2 potions of curing
 q - a potion of brilliance {unknown}
 s - a potion of cancellation
 v - a potion of flight {unknown}
 z - 2 potions of berserk rage {unknown}


   Skills:
 * Level 4.2 Fighting
 * Level 5.5 Long Blades
 - Level 2.0 Throwing
 * Level 6.0 Dodging
 + Level 1.9 Spellcasting
 + Level 1.9 Hexes
 + Level 1.3 Translocations


You had 4 spell levels left.
You knew the following spells:

 Your Spells              Type           Power      Damage    Failure   Level
a - Blink                 Tloc           8%         N/A       11%         2
b - Confusing Touch       Hex            6%         N/A       16%         3

Your spell library contained the following spells:

 Spells                   Type           Power      Damage    Failure   Level
 Slow                     Hex            24%        N/A       6%          1
 Lesser Beckoning         Tloc           8%         N/A       11%         2
 Momentum Strike          Conj/Tloc      6%         3d8       16%         2
 Poisonous Vapours        Pois/Air       2%         N/A       19%         2
 Portal Projectile        Hex/Tloc       10%        N/A       19%         3
 Summon Guardian Golem    Hex/Summ       3%         N/A       26%         3
 Call Canine Familiar     Summ           1%         N/A       34%         3
 Mephitic Cloud           Conj/Pois/Air  1%         N/A       34%         3
 Vampiric Draining        Necr           1%         2d6       34%         3
 Leda's Liquefaction      Hex/Erth       1%         N/A       61%         4
 Freezing Cloud           Conj/Ice/Air   0%         6-21      96%         5
 Orb of Destruction       Conj           0%         9d5       100%        7
 Spellforged Servitor     Conj/Summ      0%         N/A       100%        7


Dungeon Overview and Level Annotations

Branches:
Dungeon (5/15)             Temple (1/1) D:5

Altars:
Ashenzari
Cheibriados
Dithmenos
Elyvilon
Fedhas
Gozag
Hepliaklqana
Kikubaaqudgha
Makhleb
Nemelex Xobeh
Okawaru
Qazlal
Ru
Sif Muna
Trog
Vehumet
Wu Jian
Xom
Yredelemnul
Zin
The Shining One

Shops:
D:3 :


Innate Abilities, Weirdness & Mutations

((You are very nimble when in or above water. (Stealth+, EV+, Speed+++)))
Your lower body shifts to a powerful aquatic tail in water.


Message History

There is a stone staircase leading up here.
There is an open door here.
As you open the door, it creaks loudly!
There is an open door here.
An ogre comes into view. It is wielding a +0 giant spiked club.
An ogre is nearby!
An ogre is nearby!
Casting: Confusing Touch (dangerous; 16% risk of failure)
Confirm with . or Enter, or press ? or * to list all spells.
Your hands begin to glow red.
The ogre shouts!
You hit the ogre but do no damage.
The ogre appears confused.
The ogre hits you with a +0 giant spiked club!
You hit the ogre.
The ogre is lightly wounded.
The ogre closely misses you.
You slash the ogre!
The ogre is heavily wounded.
The ogre closely misses you.
You hit the ogre but do no damage.
The ogre is moderately wounded.
You hit the ogre.
The ogre is heavily wounded.
The ogre seems less confused.
The ogre misses you.
You hit the ogre but do no damage.
The ogre is heavily wounded.
The ogre closely misses you.
Casting: Confusing Touch (dangerous; 16% risk of failure)
Confirm with . or Enter, or press ? or * to list all spells.
Your hands begin to glow red.
You hit the ogre but do no damage.
The ogre is heavily wounded.
The ogre hits you with a +0 giant spiked club!!
Ouch! That really hurt!
* * * LOW HITPOINT WARNING * * *
You hit the ogre but do no damage.
The ogre is heavily wounded.
The ogre hits you with a +0 giant spiked club!!!
Ouch! That really hurt!
You die...

###.##'####...##.....
##'##.####...##.....
#.....#......##...##
#.....#......##...##
#.....#......#......
#.....#......#......
##..####..##.####.##
############'###.####.##
......O@..#.............
#########.#.............
#.....#.............
#.#####.............
#.....'.............
#######.######.###..
########.#####
...........##
.............


You could see an ogre.

Vanquished Creatures
  A phantom (D:5)
  3 scorpions
  A hound (D:5)
  A jelly (D:5)
  2 iguanas
  3 adders
  A shadow imp (D:5)
  2 ufetubi (D:5)
  A dart slug (D:3)
  An orc (D:4)
  5 bats
  4 endoplasms
  2 giant cockroaches
  5 goblins
  5 hobgoblins
  2 jackals (D:3)
  4 quokkas
  3 ball pythons
  2 frilled lizards (D:2)
  A kobold (D:2)
  9 rats
58 creatures vanquished.

Notes
Turn   | Place    | Note
-------+----------+-------------------------------------------
     0 | D:1      | Graphine the Merfolk Gladiator began the quest for the Orb.
     0 | D:1      | Reached XP level 1. HP: 16/16 MP: 1/1
   404 | D:1      | Reached XP level 2. HP: 23/23 MP: 2/2
   810 | D:2      | Found a sacrificial altar of Ru.
  1049 | D:2      | Reached XP level 3. HP: 28/28 MP: 3/3
  1637 | D:3      | Reached XP level 4. HP: 34/34 MP: 5/5
  1838 | D:3      | Identified the +0 leather armour of Lugonu's Inspiration
                  | {rC- rN+ Int+4 Stlth+}
  1866 | D:3      | Reached skill level 1 in Spellcasting
  1902 | D:3      | Learned a level 2 spell: Blink
  1906 | D:3      | Learned a level 3 spell: Confusing Touch
  1935 | D:3      | Found Qono's Book Boutique.
  2368 | D:4      | Reached skill level 1 in Hexes
  2416 | D:4      | Noticed a scorpion
  2433 | D:4      | Killed a scorpion
  2434 | D:4      | Reached skill level 5 in Dodging
  2434 | D:4      | Reached XP level 5. HP: 24/41 MP: 3/6
  2701 | D:5      | Entered Level 5 of the Dungeon
  2745 | D:5      | Noticed a phantom
  2749 | D:5      | Reached skill level 5 in Long Blades
  2749 | D:5      | Reached skill level 1 in Translocations
  2749 | D:5      | Reached XP level 6. HP: 44/48 MP: 8/8
  2900 | D:5      | Found a staircase to the Ecumenical Temple.
  2906 | Temple   | Entered the Ecumenical Temple
  3163 | Temple   | Became a worshipper of Ashenzari the Shackled
  3258 | D:5      | Reached skill level 6 in Dodging
  3258 | D:5      | Reached XP level 7. HP: 42/54 MP: 9/9
  3372 | D:5      | Demolished by an ogre

Illustrated notes

Levels and vault maps discovered:
D:1:      dpeg_arrival_round_b, layout_basic
D:2:      layout_loops_ring, basic_altar, minivault_27
D:3:      layout_basic, serial_shops, shop, minmay_pentomino_pile
D:4:      layout_loops_cross, minmay_tree_intersection, serial_park_tiny_pond,
          hangedman_decor_riveting
D:5:      layout_gridville, minmay_temple_entry_statues_pillars,
          roderic_serpentine_path, hangedman_decor_points, uniq_prince_ribbit1
Temple:   regret_index_temple_sigil_plot

Skill      XL: |  1  2  3  4  5  6 |
---------------+-------------------+-----
Long Blades    | 4 5 |  5.5
Spellcasting   | 1 |  1.9
Fighting       | 3 4 |  4.2
Hexes          | 1 |  1.9
Dodging        | 5 6 |  6.0
Translocations | 1 |  1.3
Throwing       | |  2.0

Action                     |  1- 3 |  4- 6 |  7- 9 || total
---------------------------+-------+-------+-------++-------
  Melee: Long sword        |    89 |   117 |     8 ||   214
         Punch             |     1 |       |       ||     1
  Throw: Stone             |     7 |       |       ||     7
         Throwing net      |     1 |       |       ||     1
         Boomerang         |       |     6 |       ||     6
   Cast: Confusing Touch   |       |     2 |     2 ||     4
    Use: Scroll            |     8 |     6 |       ||    14
         Potion            |       |     1 |       ||     1
   Stab: Sleeping          |     1 |     5 |       ||     6
         Confused          |       |     1 |       ||     1
 Armour: Leather armour    |    31 |    45 |       ||    76
  Dodge: Dodged            |    62 |   140 |     4 ||   206
